 Dungeon Crawl Stone Soup version 0.31-a0-216-g22e908daa7 (webtiles) character file.

Game seed: 11826097797238465055

322 qw the Shooter (level 6, -1/37 HPs)
             Began as a Gargoyle Hexslinger on July 2, 2023.
             Was an Initiate of Okawaru.
             Slain by a killer bee (5 damage)
             ... on level 4 of the Dungeon.
             The game lasted 00:01:15 (3618 turns).

qw the Shooter (Gargoyle Hexslinger)                Turns: 3618, Time: 00:01:16

Health: -1/37      AC: 13    Str: 14    XL:     6   Next: 47%
Magic:  7/7        EV: 10    Int: 13    God:    Okawaru [......]
Gold:   213        SH:  0    Dex: 14    Spells: 6/7 levels left

rFire   . . .        Y - +1 orcbow
rCold   . . .        (shield currently unavailable)
rNeg    + . .        b - +0 ring mail
rPois   inf          l - +1 helmet of Xidorem {Str+2}
rElec   +            c - +0 cloak
rCorr   .            (no gloves)
SInv    .            (no boots)
Will    .....        i - amulet of faith
Stlth   +            (no ring)
HPRegen 0.26/turn    (no ring)
MPRegen 0.10/turn

%: faith
@: no status effects
A: sickness immunity, AC +4, negative energy resistance 1, electricity
resistance, torment resistance 1, petrification resistance
a: Renounce Religion


You were on level 4 of the Dungeon.
You worshipped Okawaru.
Okawaru was noncommittal.
You visited 2 branches of the dungeon, and saw 5 of its levels.
You also visited: Ossuary.

You collected 213 gold pieces.


Innate Abilities, Weirdness & Mutations

You are immune to sickness and miasma.
Your stone body is resilient. (AC +4)
You are immune to poison.
You resist negative energy. (rN+)
You are resistant to electric shocks. (rElec)
You are resistant to unholy torment.
You are immune to petrification.


   Skills:
 - Level 3.0 Fighting
 + Level 5.6 Ranged Weapons
 - Level 2.0 Armour
 - Level 1.5 Dodging
 - Level 1.0 Spellcasting
 - Level 2.6 Hexes


You had 6 spell levels left.
You knew the following spells:

 Your Spells              Type           Power      Damage    Failure   Level
a - Slow                  Hex            28%        N/A       19%         1

Your spell library contained the following spells:

 Spells                   Type           Power      Damage    Failure   Level
 Inner Flame              Hex/Fire       4%         N/A       67%         3
 Portal Projectile        Hex/Tloc       8%         N/A       67%         3
 Cause Fear               Hex            3%         N/A       88%         4

Inventory:

Hand Weapons
 Y - a +1 orcbow (weapon)
Armour
 b - a +0 ring mail (worn)
 c - a +0 cloak (worn)
 l - the +1 helmet of Xidorem (worn) {Str+2}
   (You acquired it in an ossuary)

   Str:       It affects your strength (+2).
Jewellery
 i - an amulet of faith (around neck)
 j - a ring of fire
Scrolls
 h - 2 scrolls of identify
 m - a scroll of fear {unknown}
Potions
 a - 3 potions of enlightenment
 d - 2 potions of might
 e - a potion of resistance
 f - 3 potions of curing
 k - a potion of experience {unknown}
 n - a potion of mutation

Dungeon Overview and Level Annotations

Branches:
Dungeon (4/15)             Temple (1/1) D:4         Ossuary (visited)

Altars:
Ashenzari
Dithmenos
Fedhas
Hepliaklqana
Makhleb
Okawaru
Ru
Sif Muna
Uskayaw
Vehumet
Wu Jian
Xom
Zin
The Shining One

Annotations:
D:3 1 runed translucent door, Crazy Yiuf


Message History

The killer bee barely misses you. The killer bee stings you!
3614 ||| DRINKING potion of heal wounds.
You feel much better. The killer bee stings you.
The killer bee stings you but does no damage.
The killer bee closely misses you.
The killer bee stings you but does no damage. x2
The killer bee stings you. x3
You shoot an arrow.
The arrow closely misses the killer bee.
The killer bee barely misses you.
The killer bee stings you but does no damage.
The killer bee barely misses you.
The killer bee stings you but does no damage. x2
The killer bee closely misses you.
The killer bee stings you but does no damage. x3
The killer bee stings you. The killer bee barely misses you.
The killer bee stings you.
You shoot an arrow. The arrow misses the killer bee.
The killer bee stings you. The killer bee barely misses you.
The killer bee closely misses you. x4
The killer bee stings you but does no damage.
The killer bee barely misses you.
The killer bee stings you but does no damage.
The killer bee stings you.
The killer bee stings you but does no damage.
The killer bee closely misses you.
You shoot an arrow. The arrow hits the killer bee!
You kill the killer bee!
Okawaru accepts your kill.
The killer bee stings you but does no damage.
The killer bee stings you.
The killer bee stings you but does no damage. x2
The killer bee barely misses you. The killer bee closely misses you.
The killer bee stings you but does no damage.
You shoot an arrow.
The arrow closely misses the killer bee.
The killer bee stings you but does no damage.
The killer bee stings you.
You die...

........................##..##...
........................##..#..#.
#####..########..###....##.......
#### ########....##.......
#...........#.....##.
#...........##....###
#.....##############.
..>#..yy.#.#.#...#.#.#..
...'..y@.##.#..#..#.##..
..####y###.#..###..#.### #.S
##..##.##..###. #...
#..##...##..#.. #...
#.))...(.##.... #...
#..##...##..#.. #...
##..##.##..##.. #...
#.#..###.%#.### ##)#..#..#.##..


You could see 4 killer bees and a ball python.

Vanquished Creatures
  A killer bee (D:4)
  A centaur zombie (Ossuary)
  A human zombie (Ossuary)
  A hound (D:4)
  An orc wizard (D:4)
  5 mummies (Ossuary)
  4 adders
  A worm (D:4)
  A dart slug (D:4)
  10 orcs
  4 endoplasms
  4 goblins
  5 hobgoblins
  2 quokkas
  4 ball pythons
  2 bats
  5 frilled lizards
  2 gnoll zombies (Ossuary)
  2 goblin zombies (Ossuary)
  A kobold (D:4)
  A kobold zombie (Ossuary)
  An orc zombie (Ossuary)
  3 rats
62 creatures vanquished.

Notes
Turn   | Place    | Note
-------+----------+-------------------------------------------
     0 | D:1      | qw the Gargoyle Hexslinger began the quest for the Orb.
     0 | D:1      | Reached XP level 1. HP: 12/12 MP: 2/2
     0 | D:1      | 0 ||| qw: Version: 0.3-a-40-ge99b1a8
     0 | D:1      | 0 ||| qw: Game counter: 7947
     0 | D:1      | 0 ||| qw: Melee chars always use a shield: true
     0 | D:1      | 0 ||| qw: God list: Okawaru
     0 | D:1      | 0 ||| qw: Allow faded altars: false
     0 | D:1      | 0 ||| qw: Do Orc after clearing Dungeon:15 true
     0 | D:1      | 0 ||| qw: Do second Lair branch before Depths: true
     0 | D:1      | 0 ||| qw: Lair rune preference: random
     0 | D:1      | 0 ||| qw: Goals: Normal
     0 | D:1      | 0 ||| PLANNING D:1-11
    43 | D:1      | 43 ||| SWAPPING to +0 orcbow.
    45 | D:1      | 45 ||| DROPPING +1 sling.
   194 | D:1      | HP: 3/12 [quokka (4)]
   586 | D:1      | Reached XP level 2. HP: 16/16 MP: 3/3
   670 | D:1      | 670 ||| READING scroll labelled FYSURO KUGUY.
   671 | D:1      | 671 ||| READING scroll labelled GIAFIFAUKI.
   672 | D:1      | 672 ||| DRINKING 3 fizzy cyan potions.
   673 | D:1      | 673 ||| DROPPING scroll of poison.
   937 | D:2      | HP: 4/16 [adder (4)]
   939 | D:2      | Reached skill level 3 in Ranged Weapons
  1168 | D:2      | Reached XP level 3. HP: 20/20 MP: 4/4
  1320 | D:2      | 1320 ||| READING scroll labelled VOHEQA GENYU.
  1321 | D:2      | 1321 ||| READING scroll labelled XAIJAKHLO HEZO.
  1322 | D:2      | 1322 ||| READING scroll labelled LANGIZ NOLIESE.
  1323 | D:2      | 1323 ||| DRINKING 2 fuming white potions.
  1324 | D:2      | 1324 ||| READING 2 scrolls of identify.
  1324 | D:2      | 1324 ||| IDENTIFYING murky golden potion
  1325 | D:2      | 1325 ||| DROPPING potion of attraction.
  1388 | D:3      | HP: 5/21 [hobgoblin (3)]
  1764 | D:3      | Found a runed translucent door.
  1765 | D:3      | Noticed Crazy Yiuf
  1930 | D:3      | 1930 ||| UPGRADING to +0 ring mail.
  1940 | D:3      | 1940 ||| DROPPING +0 robe.
  1941 | D:3      | 1941 ||| DROPPING scarf of harm.
  1942 | D:3      | 1942 ||| UPGRADING to amulet of faith.
  1947 | D:3      | 1947 ||| READING scroll labelled SAHIENT ETINOMN.
  1948 | D:3      | 1948 ||| DRINKING 2 red potions.
  1949 | D:3      | 1949 ||| READING 2 scrolls of identify.
  1949 | D:3      | 1949 ||| IDENTIFYING bubbling emerald potion
  1950 | D:3      | 1950 ||| DROPPING potion of degeneration.
  1951 | D:3      | 1951 ||| DROPPING potion of brilliance.
  1983 | D:4      | 1983 ||| PLANNING OSSUARY
  1996 | D:4      | Reached XP level 4. HP: 18/26 MP: 5/5
  2011 | D:4      | Reached skill level 4 in Ranged Weapons
  2130 | D:4      | Found a staircase to the Ecumenical Temple.
  2253 | D:4      | Found a sand-covered staircase.
  2254 | D:4      | 2254 ||| UPGRADING to +0 cloak.
  2267 | Ossuary  | Entered an ossuary
  2339 | Ossuary  | Reached XP level 5. HP: 14/30 MP: 6/6
  2528 | Ossuary  | 2528 ||| FLEEEEING.
  2529 | Ossuary  | 2529 ||| FLEEEEING.
  2530 | Ossuary  | 2530 ||| FLEEEEING.
  2531 | Ossuary  | 2531 ||| FLEEEEING.
  2532 | Ossuary  | 2532 ||| FLEEEEING.
  2535 | Ossuary  | 2535 ||| FLEEEEING.
  2536 | Ossuary  | 2536 ||| FLEEEEING.
  2546 | Ossuary  | Reached skill level 5 in Ranged Weapons
  2715 | Ossuary  | 2715 ||| READING scroll labelled PINIBR XAUQ.
  2715 | Ossuary  | Identified a scroll of acquirement
  2715 | Ossuary  | 2715 ||| ACQUIRING +1 helmet of Xidorem {Str+2}
  2715 | Ossuary  | Acquired the +1 helmet of Xidorem {Str+2}
  2717 | Ossuary  | 2717 ||| UPGRADING to +1 helmet of Xidorem {Str+2}.
  2722 | Ossuary  | 2722 ||| DRINKING 3 green potions.
  2723 | Ossuary  | 2723 ||| READING 3 scrolls of identify.
  2723 | Ossuary  | 2723 ||| IDENTIFYING smoky dark potion
  2724 | Ossuary  | 2724 ||| READING 2 scrolls of identify.
  2724 | Ossuary  | 2724 ||| IDENTIFYING pink potion
  2741 | D:4      | 2741 ||| PLANNING TEMPLE
  2792 | Temple   | Entered the Ecumenical Temple
  2801 | Temple   | 2801 ||| PLANNING OKAWARU WORSHIP
  3103 | Temple   | Became a worshipper of Warmaster Okawaru
  3104 | Temple   | 3104 ||| PLANNING D:1-11
  3161 | D:4      | Reached XP level 6. HP: 34/36 MP: 7/7
  3179 | D:4      | Reached skill level 3 in Fighting
  3199 | D:4      | 3199 ||| DRINKING 4 potions of curing.
  3199 | D:4      | 3199 ||| (to cure confusion)
  3511 | D:4      | Found a glowing golden altar of the Shining One.
  3613 | D:4      | HP: 8/37 [killer bee (7)]
  3614 | D:4      | 3614 ||| DRINKING potion of heal wounds.
  3618 | D:4      | Slain by a killer bee

Levels and vault maps discovered:
D:1:      psy_arrival_fountain, layout_loops_ring
D:2:      layout_loops_cross
D:3:      layout_rooms, kennysheep_cluttered_room, minmay_checkerbox,
          uniq_crazy_yiuf_cottage
D:4:      minmay_diamond_boxcup, layout_gridville, tso_oasis_becter,
          temple_pool_b, lightli_ossuary_entry_decrepit_ruins
Temple:   oiseaux_autumnal_temple

Skill      XL: |  1  2  3  4  5  6 |
---------------+-------------------+-----
Ranged Weapons | 3 4 5 |  5.6
Fighting       | 2 3 |  3.0
Armour         | 2 |  2.0
Dodging        | |  1.5
Spellcasting   | |  1.0
Hexes          | |  2.6

Action                     |  1- 3 |  4- 6 || total
---------------------------+-------+-------++-------
   Fire: Orcbow            |   103 |   152 ||   255
    Use: Scroll            |     8 |     3 ||    11
         Potion            |     3 |     3 ||     6
 Armour: Robe              |    26 |       ||    26
         Ring mail         |       |   118 ||   118
  Dodge: Dodged            |    45 |    77 ||   122

Table legend:
 A = Non-vault XP
 B = Vault XP
 C = Vault XP percentage of total XP
 D = Non-vault monster count
 E = Vault monster count
 F = Vault count percentage of total count
                 A         B        C        D         E       F
            +---------+---------+-------+---------+---------+-------
      Total |     161 |     299 |  65.0 |      38 |      24 |  38.7
            +---------+---------+-------+---------+---------+-------
        D:1 |      10 |       0 |   0.0 |       7 |       0 |   0.0
        D:2 |      25 |       0 |   0.0 |       8 |       0 |   0.0
        D:3 |      26 |      18 |  40.9 |       8 |       4 |  33.3
        D:4 |     100 |      97 |  49.2 |      15 |       7 |  31.8
    Ossuary |       0 |     184 | 100.0 |       0 |      13 | 100.0
            +---------+---------+-------+---------+---------+-------
